Map: Ascension to Aiur LE

Players

Shyrshadi

  • Race: Protoss Protoss
  • League: Diamond
  • Spawn Location: 5:00

A.I. 1 (Elite) - Winner!

  • Race: Terran Terran
  • Spawn Location: 11:00

VOD

Have the link to the VOD?

Description

I got this replay from a friendly player who got his own youtube series.
follow him if you want https://www.youtube.com/user/BorgFalcon

Time

  • Played on: July 7, 2017, 5:33 p.m.
  • Length: 10:34
Show
View Real Time Build Order
Export as new Build Order

Shyrshadi Protoss 

Build Orders: 1 Gate Expand 

Get SALT Encoding   

  12  0:01  Probe (Chrono Boost)  
  13  0:11  Probe (Chrono Boost)  
  14  0:17  Pylon  
  14  0:22  Probe (Chrono Boost)  
  16  0:35  Probe (Chrono Boost)  
  16  0:38  Gateway  
  16  0:44  Assimilator  
  16  0:47  Probe (Chrono Boost)  
  17  0:58  Probe (Chrono Boost)  
  18  1:08  Probe (Chrono Boost)  
  19  1:20  Nexus  
  19  1:24  Probe (Chrono Boost)  
  20  1:33  Cybernetics Core  
  20  1:36  Probe (Chrono Boost)  
  21  1:44  Assimilator  
  22  1:47  Probe (Chrono Boost)  
  22  1:52  Pylon  
  22  1:57  Probe (Chrono Boost)  
  23  2:11  Mothership Core (Chrono Boost)  
  23  2:12  Adept  
  27  2:21  Warp Gate  
  27  2:29  Probe (Chrono Boost)  
  28  2:33  Probe (Chrono Boost)  
  29  2:40  Probe (Chrono Boost), Robotics Facility  
  29  2:43  Probe (Chrono Boost)  
  31  2:50  Probe (Chrono Boost)  
  32  2:54  Probe (Chrono Boost)  
  33  2:58  Twilight Council  
  33  3:01  Probe (Chrono Boost)  
  33  3:05  Probe (Chrono Boost)  
  35  3:11  Probe (Chrono Boost)  
  36  3:15  Probe (Chrono Boost)  
  36  3:16  Gateway  
  36  3:17  Gateway  
  37  3:22  Probe (Chrono Boost)  
  37  3:26  Probe (Chrono Boost)  
  39  3:27  Observer  
  39  3:30  Pylon  
  40  3:35  Pylon, Probe (Chrono Boost)  
  40  3:36  Probe (Chrono Boost)  
  40  3:38  Resonating Glaives (Chrono Boost)  
  42  3:45  Probe (Chrono Boost)  
  42  3:47  Probe (Chrono Boost)  
  44  3:48  Observer  
  45  4:01  Assimilator  
  45  4:03  Probe x2  
  45  4:07  Assimilator  
  47  4:13  Observer  
  47  4:15  Pylon, Probe x2  
  50  4:23  Pylon  
  50  4:26  Stalker x3  
  56  4:32  Immortal  
  60  4:42  Probe x2  
  62  4:52  Nexus  
  62  4:54  Pylon, Probe  
  62  4:55  Probe  
  62  4:57  Pylon  
  64  5:07  Probe x2  
  66  5:08  Immortal  
  66  5:09  Sentry x2  
  66  5:10  Adept  
  76  5:19  Forge  
  76  5:21  Blink (Chrono Boost)  
  76  5:23  Probe x2  
  78  5:33  Adept x2  
  82  5:35  Probe x2  
  82  5:36  Adept  
  86  5:42  Warp Prism  
  86  5:46  Pylon  
  88  5:52  Protoss Ground Weapons Level 1 (Chrono Boost)  
  88  5:55  Forge  
  88  5:59  Probe x2  
  90  6:08  Probe  
  90  6:11  Probe x2  
  93  6:16  Sentry  
  93  6:17  Immortal  
  93  6:18  Stalker  
  97  6:19  Probe  
  97  6:20  Adept  
  104  6:28  Protoss Ground Armor Level 1 (Chrono Boost)  
  104  6:31  Probe  
  104  6:32  Probe x2  
  107  6:36  Pylon  
  107  6:43  Gateway  
  107  6:44  Gateway  
  107  6:46  Gateway  
  107  6:50  Pylon  
  107  6:52  Adept x3  
  113  6:58  Immortal  
  117  7:02  Pylon  
  117  7:07  Pylon  
  117  7:08  Assimilator  
  117  7:12  Assimilator  
  117  7:13  Templar Archives  
  117  7:17  Adept x3  
  123  7:24  Probe  
  123  7:25  Probe  
  123  7:26  Probe  
  126  7:35  Probe  
  127  7:42  Immortal, Gateway  
  127  7:43  Gateway  
  127  7:44  Gateway  
  125  7:46  Gateway, Adept x3  
  131  7:54  High Templar  
  131  7:55  High Templar  
  135  8:07  Gateway, High Templar x2  
  135  8:08  Archon  
  135  8:09  Gateway  
  135  8:10  Pylon x2  
  133  8:13  High Templar x2  
  133  8:14  Archon  
  133  8:17  Archon  
  137  8:40  Adept x7  
  151  8:50  Nexus  
  151  8:53  Pylon  
  151  8:55  Pylon  
  151  8:59  Assimilator, Stalker x2  
  151  9:00  Stalker x2  
  159  9:04  Assimilator  
  135  9:25  Adept x4  
  135  9:26  Adept x5  
  137  9:48  Adept x8  
  137  9:49  Adept x2  
  153  10:04  High Templar x2  
  157  10:19  Archon  
  157  10:20  Adept x10  
Show
View Real Time Build Order
Export as new Build Order

A.I. 1 (Elite) Terran - Winner!

Build Orders: MMM Bio 

Get SALT Encoding   

  12  0:00  SCV  
  13  0:13  SCV  
  14  0:19  Supply Depot  
  14  0:25  SCV  
  15  0:40  SCV  
  15  0:42  Barracks  
  16  0:52  SCV  
  17  1:04  SCV  
  18  1:16  SCV  
  19  1:20  Command Center  
  19  1:30  Marine  
  20  1:35  Orbital Command  
  20  1:41  Refinery  
  20  1:47  Marine  
  20  1:52  Supply Depot  
  21  2:01  SCV  
  22  2:05  Marine, Refinery  
  23  2:14  SCV  
  24  2:23  Marine  
  24  2:26  SCV  
  26  2:32  SCV  
  27  2:40  Factory  
  27  2:41  Marine  
  27  2:44  SCV  
  29  2:45  Orbital Command  
  29  2:57  SCV  
  30  2:59  Marine  
  30  3:00  Factory  
  31  3:10  SCV  
  31  3:11  SCV  
  33  3:17  Marine  
  33  3:18  Supply Depot  
  34  3:22  SCV  
  34  3:23  SCV  
  34  3:25  Factory Tech Lab  
  36  3:34  SCV  
  37  3:35  SCV  
  38  3:43  Factory Tech Lab  
  38  3:45  Siege Tank  
  38  3:46  SCV  
  38  3:47  SCV  
  43  3:51  Supply Depot  
  43  3:58  SCV  
  43  3:59  SCV  
  43  4:02  Siege Tank  
  48  4:08  Supply Depot, Marine  
  49  4:10  SCV  
  49  4:11  SCV  
  49  4:15  Supply Depot  
  51  4:18  Siege Tank  
  51  4:22  SCV  
  51  4:23  SCV  
  56  4:30  Supply Depot  
  56  4:34  SCV  
  56  4:35  Marine  
  56  4:36  SCV  
  59  4:41  Siege Tank  
  59  4:44  Barracks  
  62  4:46  SCV  
  62  4:48  SCV  
  64  4:53  Supply Depot  
  64  4:54  Marine  
  64  4:58  SCV  
  66  5:00  SCV  
  66  5:01  Armory  
  66  5:03  Refinery  
  66  5:05  Refinery  
  67  5:11  SCV  
  67  5:12  SCV  
  67  5:13  Barracks Tech Lab  
  69  5:17  Engineering Bay  
  69  5:26  SCV x2  
  69  5:27  Command Center  
  71  5:30  Marine  
  71  5:31  Marine  
  71  5:33  Stimpack  
  73  5:38  SCV  
  73  5:39  SCV  
  75  5:43  Missile Turret  
  75  5:45  Missile Turret  
  75  5:46  Engineering Bay  
  75  5:47  Terran Infantry Weapons Level 1  
  77  5:50  SCV, Marine, Marauder  
  77  5:51  Barracks  
  79  6:08  Supply Depot, Barracks Tech Lab  
  81  6:11  Marauder  
  81  6:12  Terran Infantry Armor Level 1  
  81  6:20  Missile Turret  
  81  6:25  Starport  
  81  6:26  Combat Shields  
  81  6:27  Marauder  
  85  6:32  Marauder  
  85  6:37  Supply Depot, Barracks Reactor  
  85  6:40  Orbital Command, SCV x2, Barracks  
  85  6:42  Missile Turret  
  87  6:48  Marine  
  87  6:52  SCV  
  87  6:53  SCV, Refinery  
  92  6:54  Marauder, Missile Turret  
  92  6:56  Missile Turret  
  92  6:57  Refinery  
  92  7:02  Medivac  
  92  7:04  SCV  
  92  7:05  SCV, Marine  
  92  7:06  SCV  
  98  7:13  Marine x2  
  98  7:15  Marauder  
  102  7:16  SCV  
  102  7:18  Missile Turret  
  102  7:19  SCV  
  102  7:20  Supply Depot, SCV  
  102  7:22  Command Center  
  105  7:24  Marauder  
  106  7:31  Marine, Viking  
  106  7:32  SCV  
  106  7:34  SCV  
  106  7:35  SCV  
  111  7:39  Marauder  
  111  7:40  Concussive Shells  
  110  7:44  SCV, Marine  
  110  7:45  Marauder  
  110  7:46  SCV  
  110  7:50  SCV  
  116  7:51  Supply Depot  
  116  7:54  Marine  
  116  7:56  SCV  
  117  7:58  SCV  
  117  8:01  Marauder  
  117  8:02  SCV, Medivac  
  117  8:04  Terran Infantry Weapons Level 2  
  123  8:06  Marauder  
  123  8:07  Marine  
  123  8:09  SCV  
  127  8:13  Marine  
  127  8:15  Supply Depot, Marine  
  129  8:22  Marauder  
  129  8:25  Marine  
  132  8:27  Hi-Sec Auto Tracking  
  132  8:28  Starport, Marauder  
  132  8:32  Medivac  
  136  8:40  Supply Depot  
  136  8:44  Marauder  
  136  8:46  Barracks  
  138  8:49  Barracks Tech Lab, Marauder, Missile Turret  
  140  9:02  Starport Tech Lab  
  140  9:04  Starport Reactor  
  140  9:05  Marauder  
  140  9:09  Marauder  
  144  9:10  Missile Turret  
  144  9:11  Supply Depot, Marauder  
  144  9:13  SCV  
  139  9:20  Medivac  
  139  9:21  SCV  
  139  9:22  Marine  
  111  9:24  Marine  
  111  9:26  Marauder  
  111  9:31  SCV x2, Marine, Marauder  
  89  9:33  SCV  
  81  9:40  Marine  
  81  9:42  Marine  
  81  9:45  Command Center  
  82  9:46  SCV  
  82  9:47  SCV  
  82  9:48  Marauder  
  82  9:50  Raven, Marauder  
  82  9:58  SCV, Marine  
  82  9:59  SCV  
  81  10:00  Marine  
  70  10:07  Missile Turret  
  70  10:09  Marauder  
  70  10:10  SCV  
  70  10:11  Marine  
  70  10:12  SCV  
  63  10:16  Marine  
  65  10:24  Command Center  
Tags
 
Composition
MMM Bio
League
Diamond
Matchup
PvT
Spawn Locations
Cross Positions
Add a new tag
Caveats
  • Supply blocks, unpowered buildings, or Contaminate may cause inaccurate times.
  • Supply counts are checked every 10 seconds.